 Dungeon Crawl Stone Soup version 0.30-a0-576-g89cddaab80 (webtiles) character file.

Game seed: 672778327718727274

182 Twinkles the Protected (level 5, -2/37 HPs)
             Began as a Gnoll Wanderer on Dec 30, 2022.
             Was an Initiate of Ru.
             Slain by Blork the orc
             ... wielding a +2 short sword of speed
              (3 damage)
             ... on level 4 of the Dungeon.
             The game lasted 00:11:18 (2469 turns).

Twinkles the Protected (Gnoll Wanderer)             Turns: 2469, Time: 00:11:19

Health: -2/37      AC: 13    Str: 14    XL:     5   Next: 62%
Magic:  9/9        EV: 10    Int:  9    God:    Ru [......]
Gold:   102        SH:  0    Dex: 13    Spells: 9/10 levels left

rFire   . . .      SeeInvis .    a - +2 quarterstaff
rCold   . . .      Faith    .    (shield currently unavailable)
rNeg    . . .      Spirit   .    b - +0 scale mail
rPois   .          Reflect  .    c - +0 helmet
rElec   .          Harm     .    (no cloak)
rCorr   .          Rampage  .    r - +0 pair of gloves
Will    .....                    d - +0 pair of boots Stlth
                                 (no amulet)
HPRegen 0.26/turn                (no ring)
MPRegen 0.11/turn                (no ring)

@: no status effects
A: fangs 1, strong nose, distributed training
a: Renounce Religion, Sacrifice Nimbleness, Sacrifice Essence, Sacrifice
Courage, Reject Sacrifices


You were on level 4 of the Dungeon.
You worshipped Ru.
Ru was noncommittal.
You visited 1 branch of the dungeon, and saw 4 of its levels.

You collected 102 gold pieces.

Inventory:

Hand Weapons
 a - a +2 quarterstaff (weapon)
 q - a +0 sling
Missiles
 h - 5 javelins
 l - 6 curare-tipped darts
 m - 2 throwing nets
 o - 7 boomerangs
Armour
 b - a +0 scale mail (worn)
 c - a +0 helmet (worn)
 d - a +0 pair of boots (worn)
 r - a +0 pair of gloves (worn)
Scrolls
 i - a scroll of vulnerability {unknown}
 j - a scroll of enchant armour {unknown}
 k - 3 scrolls of identify {unknown}
 n - a scroll of teleportation {unknown}
 D - a scroll of blinking
 F - 3 scrolls of fog
Potions
 p - a potion of lignification {unknown}
 J - a potion of curing


   Skills:
 + Level 1.6 Fighting
 + Level 1.6 Short Blades
 + Level 1.6 Long Blades
 + Level 1.6 Axes
 + Level 1.6 Maces & Flails
 + Level 1.6 Polearms
 + Level 4.8 Staves
 + Level 1.6 Ranged Weapons
 + Level 1.6 Throwing
 + Level 10.5 Armour
 + Level 1.6 Dodging
 + Level 1.6 Stealth
 + Level 1.6 Shields
 + Level 1.6 Unarmed Combat
 + Level 3.2 Spellcasting
 + Level 1.3 Conjurations
 + Level 1.3 Hexes
 + Level 2.4 Summonings
 + Level 1.3 Necromancy
 + Level 1.3 Translocations
 + Level 1.3 Transmutations
 + Level 1.3 Fire Magic
 + Level 1.3 Ice Magic
 + Level 1.3 Air Magic
 + Level 1.3 Earth Magic
 + Level 1.3 Poison Magic
 + Level 1.8 Invocations
 + Level 3.0 Evocations


You had 9 spell levels left.
You knew the following spells:

 Your Spells              Type           Power      Damage    Failure   Level
a - Summon Small Mammal   Summ           20%        N/A       34%         1

Your spell library contained the following spells:

 Spells                   Type           Power      Damage    Failure   Level
 Ensorcelled Hibernation  Hex/Ice        6%         N/A       63%         2
 Passwall                 Tmut/Erth      2%         N/A       63%         2
 Call Canine Familiar     Summ           5%         N/A       71%         3
 Swiftness                Air            3%         N/A       86%         3


Dungeon Overview and Level Annotations

Branches:
Dungeon (4/15) Zot: 21517
 Temple: D:4-7

Altars:
Ru
Yredelemnul
Zin

Annotations:
D:3 2 transporters, 1 exclusion, experimilk's ghost, amateur DrCj
D:4 Blork the orc; Dowan; Duvessa


Innate Abilities, Weirdness & Mutations

You have very sharp teeth.
Your uncanny sense of smell can sniff out nearby items.
Your experience applies equally to all skills.


Message History

Blork the orc casts a spell at you.
The puff of flame hits you but does no damage.
Your rat closely misses Duvessa.
Duvessa barely misses you. Duvessa attacks as you move away!
Duvessa hits you with a +0 short sword!
* * * LOW HITPOINT WARNING * * *
Blork the orc attacks as you move away!
Blork the orc hits you but does no damage. x2
You barely miss Duvessa.
Duvessa is moderately wounded.
Your bat hits Duvessa but does no damage.
Blork the orc screams, "You are the ugliest creature I've ever seen!"
Blork the orc hits you but does no damage.
Blork the orc gestures at you while chanting.
The puff of frost hits you.
Duvessa gestures with her weapon.
Duvessa hits you but does no damage.
Your bat hits Duvessa but does no damage.
You thump Duvessa!
Duvessa is heavily wounded.
Your bat completely misses Duvessa.
Blork the orc looks satisfied for a moment.
Your rat bites Duvessa but does no damage.
Duvessa hits your rat with a +0 short sword!
Your rat dies!
Your rat's corpse disappears in a puff of smoke!
Blork the orc barely misses you.
Duvessa shouts!
You closely miss Blork the orc.
You feel less invigorated.
You feel less confused.
Blork the orc hits you with a +2 short sword of speed.
Your bat barely misses Blork the orc.
Blork the orc misses you. Duvessa hits you with a +0 short sword.
* * * LOW HITPOINT WARNING * * *
You barely miss Duvessa.
Duvessa is heavily wounded.
Your bat barely misses Blork the orc.
Blork the orc hits you with a +2 short sword of speed!
* * * LOW HITPOINT WARNING * * *
Blork the orc hits you with a +2 short sword of speed.
You die...

#...# .#.<.....#
##...###...#....##
##..........####..#
#......#.....## ..#
#[##.............. .#
...#....§§........ .
##.....##§§##...... ..
#.∆...##oe§########
#..##.#§@b§#
##..#..§§§§##
#..)..#§§§§##
#.....#.....##
##......#..#######~
#.....###........~~
#^........#.......~~.~
##.#....#.#.......~~~~
######.#.#.....#~~~~~.


You could see Duvessa, Blork the orc (fast, ally target) and a friendly bat
(summoned).

Vanquished Creatures
  Robin (D:2)
  4 adders
  3 dart slugs
  2 worms (D:2)
  4 orcs
  4 ball pythons (D:2)
  10 endoplasms
  2 giant cockroaches (D:1)
  6 goblins
  12 hobgoblins
  4 jackals (D:1)
  6 kobolds
  A quokka (D:2)
  8 bats
  3 frilled lizards
  2 rats (D:3)
72 creatures vanquished.

Vanquished Creatures (collateral kills)
  An orc wizard (D:3)
  An adder (D:3)
  A frilled lizard (D:1)
  5 goblins
8 creatures vanquished.

Grand Total: 80 creatures vanquished

Notes
Turn   | Place    | Note
-------+----------+-------------------------------------------
     0 | D:1      | Reached skill level 10 in Armour
     0 | D:1      | Twinkles the Gnoll Wanderer began the quest for the Orb.
     0 | D:1      | Twinkles set off with the following items: a +2
                  | quarterstaff, a +0 scale mail, a scroll of blinking; and
                  | the following spell memorised: Summon Small Mammal; and the
                  | following spells available to memorise: Call Canine
                  | Familiar.
     0 | D:1      | Reached XP level 1. HP: 13/13 MP: 4/4
    62 | D:1      | Reached XP level 2. HP: 11/19 MP: 2/5
   175 | D:1      | Found a faded altar of an unknown god.
   185 | D:1      | Reached XP level 3. HP: 25/25 MP: 7/7
   244 | D:1      | Prayed at the altar of an unknown god.
   244 | D:1      | Became a worshipper of Ru the Awakened
   286 | D:1      | Reached skill level 1 in Invocations
   595 | D:2      | Reached skill level 1 in Fighting
   595 | D:2      | Reached skill level 1 in Short Blades
   595 | D:2      | Reached skill level 1 in Long Blades
   595 | D:2      | Reached skill level 1 in Axes
   595 | D:2      | Reached skill level 1 in Maces & Flails
   595 | D:2      | Reached skill level 1 in Polearms
   595 | D:2      | Reached skill level 1 in Ranged Weapons
   595 | D:2      | Reached skill level 1 in Throwing
   595 | D:2      | Reached skill level 1 in Dodging
   595 | D:2      | Reached skill level 1 in Stealth
   595 | D:2      | Reached skill level 1 in Shields
   595 | D:2      | Reached skill level 1 in Unarmed Combat
   778 | D:2      | Reached XP level 4. HP: 32/32 MP: 6/8
  1026 | D:2      | Noticed Robin
  1032 | D:2      | Killed Robin
  1043 | D:2      | Reached skill level 1 in Conjurations
  1043 | D:2      | Reached skill level 1 in Hexes
  1043 | D:2      | Reached skill level 1 in Necromancy
  1043 | D:2      | Reached skill level 1 in Translocations
  1043 | D:2      | Reached skill level 1 in Transmutations
  1043 | D:2      | Reached skill level 1 in Fire Magic
  1043 | D:2      | Reached skill level 1 in Ice Magic
  1043 | D:2      | Reached skill level 1 in Air Magic
  1043 | D:2      | Reached skill level 1 in Earth Magic
  1043 | D:2      | Reached skill level 1 in Poison Magic
  1389 | D:3      | Reached XP level 5. HP: 37/37 MP: 5/9
  2041 | D:3      | Found a transporter.
  2041 | D:3      | Noticed experimilk's ghost (amateur DrCj)
  2054 | D:3      | Found a transporter.
  2201 | D:3      | Found a glowing silver altar of Zin.
  2316 | D:4      | Noticed Duvessa
  2316 | D:4      | Noticed Dowan
  2345 | D:4      | Found a basalt altar of Yredelemnul.
  2451 | D:4      | Noticed Blork the orc
  2459 | D:4      | HP: 11/37 [Duvessa/+0 short sword (1)]
  2465 | D:4      | HP: 7/37 [Duvessa/+0 short sword (7)]
  2469 | D:4      | HP: 1/37 [Blork the orc/+2 short sword of speed (7)]
  2469 | D:4      | Slain by Blork the orc

Illustrated notes

Levels and vault maps discovered:
D:1:      reono_arrival_mine, layout_rooms, basic_ecumenical_altar,
          minmay_misc_feat_ornament
D:2:      layout_loops_ring, minmay_vboxes, uniq_robin
D:3:      layout_basic, zin_scriptorium, gammafunk_ghost_mausoleum,
          kennysheep_decorative_pillar, minmay_misc_feat_secret_circle
D:4:      layout_cave_pools, yredelemnul_altar_generic,
          minmay_temple_entry_offerings, chequers_serial_rivers_large_a,
          kennysheep_generic_room_10, uniq_edmund, uniq_blork_the_orc,
          uniq_ijyb, uniq_duvessa

Skill      XL: |  1  2  3  4  5 |
---------------+----------------+-----
Armour         | | 10.5
Summonings     | 2 |  2.4
Invocations    | 1 |  1.8
Fighting       | 1 |  1.6
Short Blades   | 1 |  1.6
Long Blades    | 1 |  1.6
Axes           | 1 |  1.6
Maces & Flails | 1 |  1.6
Polearms       | 1 |  1.6
Ranged Weapons | 1 |  1.6
Throwing       | 1 |  1.6
Dodging        | 1 |  1.6
Stealth        | 1 |  1.6
Shields        | 1 |  1.6
Unarmed Combat | 1 |  1.6
Spellcasting   | 3 |  3.2
Conjurations   | 1 |  1.3
Hexes          | 1 |  1.3
Necromancy     | 1 |  1.3
Translocations | 1 |  1.3
Transmutations | 1 |  1.3
Fire Magic     | 1 |  1.3
Ice Magic      | 1 |  1.3
Air Magic      | 1 |  1.3
Earth Magic    | 1 |  1.3
Poison Magic   | 1 |  1.3
Evocations     | 3 |  3.0
Staves         | |  4.8

Action                   |  1- 3 |  4- 6 || total
-------------------------+-------+-------++-------
Melee: Quarterstaff      |    88 |    91 ||   179
       Bite              |     7 |    11 ||    18
 Cast: Summon Small Mamm |    12 |    24 ||    36
  Use: Potion            |       |     2 ||     2
       Scroll            |       |     1 ||     1
Armor: Scale mail        |    40 |    63 ||   103
Dodge: Dodged            |    43 |    49 ||    92

Table legend: (Time is in decaauts)
 A = Elapsed time spent in this place.
 B = Non-inter-level travel time spent in this place.
 C = Inter-level travel time spent in this place.
 D = Time resting spent in this place.
 E = Time spent auto-exploring this place.
 F = Levels seen in this place.
 G = Mean time per level.
                   A        B        C        D        E       F      G
               +--------+--------+--------+--------+--------+-----+--------+
         Total |   2481 |   2177 |    304 |      7 |   1654 |   4 |  620.2 |
       Dungeon |   2481 |   2177 |    304 |      7 |   1654 |   4 |  620.2 |
               +--------+--------+--------+--------+--------+-----+--------+

Top non-repeatable levels by time:
     D:3: 973 daAuts
     D:2: 867 daAuts
     D:1: 564 daAuts
     D:4: 76 daAuts
